 Dungeon Crawl Stone Soup version 0.23.2-33-g5129a83184 (webtiles) character file.

Game seed: 4259812363004146526

11543 FishyPogo the Grappler (level 11, -3/119 HPs)
             Began as a Troll Monk on July 31, 2019.
             Was an Elder of Wu Jian.
             Slain by a white ugly thing (14 damage)
             ... on level 11 of the Dungeon.
             The game lasted 01:09:55 (8112 turns).

FishyPogo the Grappler (Troll Monk)                 Turns: 8112, Time: 01:09:56

Health: -3/119     AC:  9    Str: 23    XL:     11   Next: 50%
Magic:  12/12      EV: 11    Int:  6    God:    Wu Jian [****..]
Gold:   549        SH:  0    Dex: 13    Spells: 10/10 levels left

rFire    + . .     SeeInvis .     - Unarmed
rCold    . . .     Gourm    +   (no shield)
rNeg     + . .     Faith    .   K - +2 robe {rF+}
rPois    .         Spirit   .   (helmet restricted)
rElec    .         Reflect  .   I - +0 cloak
rCorr    .         Harm     .   (gloves unavailable)
MR       .....                  (boots unavailable)
Stlth    ++........             j - amulet of the acrobat
HPRegen  0.69/turn              y - ring of positive energy
MPRegen  0.13/turn              (no ring)

@: no status effects
A: large, unfitting armour, claws 3, fast metabolism 3, gourmand, regeneration
1, shaggy fur 1, tough skin 3
a: Wall Jump, Serpent's Lash, Renounce Religion


You were on level 11 of the Dungeon.
You worshipped Wu Jian.
Wu Jian was greatly pleased with you.
You were very full.

You visited 2 branches of the dungeon, and saw 12 of its levels.

You collected 549 gold pieces.

Inventory:

Missiles
 d - 191 stones (quivered)
 v - 3 poisoned javelins
 G - 4 throwing nets
Armour
 I - a +0 cloak (worn)
 K - a +2 robe of fire resistance (worn)
 R - a cursed +0 robe
 U - a +1 robe of cold resistance
Magical Staves
 P - an uncursed staff of wizardry {unknown}
Jewellery
 j - an amulet of the acrobat (around neck)
 q - an uncursed ring of see invisible
 y - a ring of positive energy (left claw)
 F - an uncursed ring of ice
 T - an uncursed ring of ice
Wands
 E - a wand of paralysis (10)
 L - a wand of scattershot (3)
 M - a wand of iceblast (15)
 N - a wand of clouds (6)
 O - a wand of digging (7)
Scrolls
 c - 10 scrolls of identify
 e - 3 scrolls of amnesia {unknown}
 g - 3 scrolls of immolation {unknown}
 k - 4 scrolls of teleportation {unknown}
 m - 3 scrolls of enchant armour {unknown}
 n - 11 scrolls of remove curse
 s - 3 scrolls of noise {unknown}
 u - a scroll of fog {unknown}
 x - a scroll of enchant weapon {unknown}
 B - a scroll of random uselessness {unknown}
 H - 2 scrolls of magic mapping {unknown}
Potions
 i - 2 potions of heal wounds {unknown}
 l - 3 potions of agility
 o - 3 potions of curing
 p - 3 potions of brilliance {unknown}
 t - 4 potions of ambrosia {unknown}
 w - 10 potions of degeneration
 z - 3 potions of might {unknown}
 A - 3 potions of cancellation {unknown}
 C - 3 potions of lignification {unknown}
 D - 3 potions of haste {unknown}
 J - 2 potions of flight {unknown}
 Q - a potion of resistance {unknown}
 S - 2 potions of magic {unknown}
Comestibles
 a - 10 chunks of flesh
 b - 22 rations


   Skills:
 * Level 10.8 Fighting
 - Level 3.0 Dodging
 - Level 1.0 Stealth
 * Level 12.6 Unarmed Combat
 - Level 3.0 Evocations


You had 10 spell levels left.
You didn't know any spells.
Your spell library contained the following spells:

 Spells                   Type           Power        Failure   Level  Hunger
 Confusing Touch          Hex            #.....       45%         1    ##.....
 Corona                   Hex            #......      45%         1    ##.....
 Ensorcelled Hibernation  Hex/Ice        #.....       58%         2    ###....
 Confuse                  Hex            #.......     83%         3    ####...
 Dazzling Spray           Conj/Hex       #.....       83%         3    ####...
 Gell's Gravitas          Tloc           #.........   83%         3    ####...
 Tukima's Dance           Hex            #.......     83%         3    ####...
 Petrify                  Tmut/Erth      #.......     99%         4    #####..
 Metabolic Englaciation   Hex/Ice        #.........   100%        5    ######.
 Yara's Violent Unravell  Hex/Tmut       #.........   100%        5    ######.


Dungeon Overview and Level Annotations

Branches:
Dungeon (11/15)            Temple (1/1) D:6            Lair (0/6) D:9
    Orc (0/2) D:10

Altars:
Ashenzari
Cheibriados
Dithmenos
Elyvilon
Fedhas
Gozag
Hepliaklqana
Kikubaaqudgha
Makhleb
Nemelex Xobeh
Okawaru
Qazlal
Ru
Sif Muna
Trog
Uskayaw
Vehumet
Wu Jian
Xom
Yredelemnul
Zin
The Shining One
Beogh

Shops:
D:6 %

Annotations:
D:6 3 runed translucent doors, DildoBatman's ghost, novice FoWz


Innate Abilities, Weirdness & Mutations

You are too large for most types of armour.
You have claws for hands.
Your metabolism is lightning-fast.
You like to eat raw meat.
Your natural rate of healing is unusually fast.
You are covered in fur. (AC +1)
You have extremely tough skin. (AC +3)


Message History

Found a scroll of summoning and a runed quarterstaff.
The white ugly thing gurgles horribly!
You mangle the white ugly thing!!
The white ugly thing is moderately wounded.
The white ugly thing kicks you. The white ugly thing freezes you!!
You mangle the white ugly thing!! You claw the white ugly thing!
The white ugly thing is severely wounded.
You claw the white ugly thing!
The white ugly thing is almost dead.
The white ugly thing kicks you! The white ugly thing freezes you!!
Aiming: Wall Jump
Press: ? - help, Dir - move target cursor The white ugly thing kicks you!
* * * LOW HITPOINT WARNING * * *
The white ugly thing freezes you!!
* * * LOW HITPOINT WARNING * * *
It was a potion of curing.
You feel better. The white ugly thing kicks you.
* * * LOW HITPOINT WARNING * * *
The white ugly thing freezes you!
You die...

.........####......#
.........#.........#
.........#.......###
.......?.#.......#
.........#.......#
##.#...>.....#
##..##........#
#.......°.....#
#.####.u@.....# #.
#.°°.....# #.
#........# ..#.##
#.#...####
..#...##.##..#
.......#.#...#
...........#.#
.........###.#
........####.#####


You could see a white ugly thing.

Vanquished Creatures
  Fannar (D:10)
  Harold (D:7)
  3 two-headed ogres
  Pikel (D:4)
  Psyche (D:8)
  2 trolls
  2 hornets (D:8)
  Grinder (D:3)
  A hippogriff (D:7)
  A wyvern (D:10)
  Eustachio (D:4)
  2 wargs (D:9)
  Edmund (D:4)
  2 water moccasins
  4 phantoms
  A swamp drake (D:10)
  4 ice beasts
  2 sky beasts
  8 orc warriors
  2 black bears
  A necrophage (D:10)
  6 ogres
  2 centaurs
  3 bullfrogs
  4 killer bees (D:10)
  10 wights
  5 crimson imps
  5 jellies
  2 centaur zombies
  A bullfrog zombie (D:6)
  3 hounds
  10 orc wizards
  A quasit (D:9)
  9 orc priests
  2 bullfrog skeletons (D:9)
  2 centaur skeletons
  5 iguanas
  Ijyb (D:4)
  6 worker ants
  A hound zombie (D:7)
  A hound skeleton (D:5)
  8 adders
  2 shadow imps
  An ooze (D:7)
  An adder zombie (D:8)
  2 worms
  A dart slug (D:1)
  12 leopard geckos
  35 orcs
  5 giant cockroaches
  3 goblins (D:1)
  7 hobgoblins
  4 jackals
  4 quokkas
  A ball python (D:6)
  6 bats
  3 frilled lizards
  4 kobolds
  A leopard gecko skeleton (D:4)
  4 rats
225 creatures vanquished.

Notes
Turn   | Place    | Note
-------+----------+-------------------------------------------
     0 | D:1      | FishyPogo the Troll Monk began the quest for the Orb.
     0 | D:1      | Reached XP level 1. HP: 22/22 MP: 0/0
   135 | D:1      | Reached XP level 2. HP: 29/29 MP: 1/1
   450 | D:1      | Reached XP level 3. HP: 36/36 MP: 2/2
  1327 | D:2      | Reached XP level 4. HP: 45/45 MP: 3/3
  1457 | D:3      | Found a snail-covered altar of Cheibriados.
  1504 | D:3      | Noticed Grinder
  1505 | D:3      | Paralysed by Grinder for 3 turns
  1514 | D:3      | Reached skill level 4 in Unarmed Combat
  1529 | D:3      | Paralysed by Grinder for 3 turns
  1540 | D:3      | Killed Grinder
  1540 | D:3      | Reached skill level 5 in Unarmed Combat
  1540 | D:3      | Reached XP level 5. HP: 35/54 MP: 4/4
  1540 | D:3      | Reached XP level 6. HP: 40/62 MP: 5/5
  1843 | D:4      | Noticed Pikel
  1843 | D:4      | Noticed a slave
  1843 | D:4      | Noticed a slave
  1843 | D:4      | Noticed a slave
  1995 | D:4      | Noticed Eustachio
  2010 | D:4      | Killed Eustachio
  2010 | D:4      | Reached skill level 6 in Unarmed Combat
  2010 | D:4      | Reached XP level 7. HP: 68/71 MP: 6/6
  2031 | D:4      | Noticed Edmund
  2047 | D:4      | Killed Edmund
  2047 | D:4      | Reached skill level 5 in Fighting
  2166 | D:4      | Noticed Ijyb
  2190 | D:4      | Killed Ijyb
  2484 | D:4      | Killed Pikel
  2484 | D:4      | Reached skill level 7 in Unarmed Combat
  2484 | D:4      | Reached XP level 8. HP: 58/84 MP: 7/7
  2710 | D:5      | Entered Level 5 of the Dungeon
  2781 | D:5      | Reached skill level 8 in Unarmed Combat
  3460 | D:6      | Found Fonkytz's Food Shop.
  3570 | D:6      | Found a radiant altar of Vehumet.
  3791 | D:6      | Found a runed translucent gate.
  3792 | D:6      | Found a runed translucent gate.
  3792 | D:6      | Identified the +8 halberd of Vyppiela {chop, rElec MR-
                  | Dex+4 SInv}
  3792 | D:6      | Noticed DildoBatman's ghost (novice FoWz)
  3793 | D:6      | Found a runed translucent gate.
  3798 | D:6      | Found a roughly hewn altar of Beogh.
  3849 | D:6      | Found a staircase to the Ecumenical Temple.
  3872 | Temple   | Entered the Ecumenical Temple
  3918 | Temple   | Became a worshipper of the Wu Jian Council
  3918 | Temple   | Reached * piety under Wu Jian
  3918 | Temple   | Reached ** piety under Wu Jian
  4045 | D:7      | Reached XP level 9. HP: 87/93 MP: 8/8
  4063 | D:7      | Reached skill level 9 in Unarmed Combat
  4111 | D:7      | Noticed Harold
  4134 | D:7      | Killed Harold
  4134 | D:7      | Reached skill level 1 in Evocations
  4965 | D:8      | Reached skill level 10 in Unarmed Combat
  5132 | D:8      | Reached XP level 10. HP: 96/106 MP: 10/10
  5188 | D:8      | Found a hazy altar of Hepliaklqana.
  5280 | D:8      | Noticed Psyche
  5292 | D:8      | Killed Psyche
  5887 | D:9      | Found a staircase to the Lair.
  5891 | D:9      | Reached *** piety under Wu Jian
  6092 | D:9      | Reached skill level 11 in Unarmed Combat
  6106 | D:9      | Noticed a two-headed ogre
  6113 | D:9      | Killed a two-headed ogre
  6261 | D:10     | Entered Level 10 of the Dungeon
  6486 | D:10     | Noticed Fannar
  6523 | D:10     | Killed Fannar
  6523 | D:10     | Reached skill level 10 in Fighting
  6523 | D:10     | Reached XP level 11. HP: 75/117 MP: 12/12
  6650 | D:10     | Reached **** piety under Wu Jian
  6920 | D:10     | Reached skill level 12 in Unarmed Combat
  6956 | D:10     | Found a staircase to the Orcish Mines.
  7078 | D:10     | Noticed a two-headed ogre
  7085 | D:10     | Killed a two-headed ogre
  7732 | D:11     | Noticed a two-headed ogre
  7732 | D:11     | Noticed a four-headed hydra
  7763 | D:11     | Noticed a two-headed ogre
  7874 | D:11     | Noticed a two-headed ogre
  7881 | D:11     | Killed a two-headed ogre
  8080 | D:11     | Noticed a white ugly thing
  8111 | D:11     | HP: 3/119 [white ugly thing (32)]
  8112 | D:11     | Slain by a white ugly thing

Skill      XL: |  1  2  3  4  5  6  7  8  9 10 11 |
---------------+----------------------------------+-----
Fighting       | 3 4 6 7 8 10 | 10.8
Dodging        | 3 |  3.0
Unarmed Combat | 5 6 7 8 10 11 12 | 12.6
Evocations     | 2 3 |  3.0
Stealth        | |  1.0

Action                   |  1- 3 |  4- 6 |  7- 9 | 10-12 || total
-------------------------+-------+-------+-------+-------++-------
Melee: Unarmed           |    96 |    76 |   227 |   309 ||   708
       Punch             |     1 |     2 |     8 |    18 ||    29
Throw: Stone             |     9 |     5 |    25 |    25 ||    64
Invok: Whirlwind         |       |       |    15 |    87 ||   102
       Lunge             |       |       |    14 |    48 ||    62
       Serpent's Lash    |       |       |       |     3 ||     3
 Abil: Wall Jump         |       |       |    16 |    16 ||    32
  Use: Scroll            |     1 |       |       |     2 ||     3
       Potion            |       |       |       |     1 ||     1
 Stab: Sleeping          |     3 |     2 |     2 |     2 ||     9
  Eat: Chunk             |    17 |     7 |    29 |    28 ||    81
Armor: Robe              |    44 |    26 |    35 |    46 ||   151
       Skin              |       |       |     4 |       ||     4
Dodge: Dodged            |    48 |    49 |    97 |   108 ||   302
